 Dungeon Crawl Stone Soup version 0.19.0-19-g8c6edcc (webtiles) character file.

75 Rrauwl the Conjurer (level 4, -1/36 HPs)
             Began as a Draconian Conjurer on Nov 12, 2016.
             Slain by Grinder (6 damage)
             ... while paralysed by Grinder
             ... on level 3 of the Dungeon on Nov 13, 2016.
             The game lasted 00:18:40 (1747 turns).

Rrauwl the Conjurer (Draconian Conjurer)            Turns: 1747, Time: 00:18:40

Health: -1/36      AC:  7    Str: 11    XL:     4   Next: 11%
Magic:  7/7        EV:  2    Int: 16    God:
Gold:   164        SH:  0    Dex: 11    Spells: 1 memorised, 7 levels left

rFire  . . .     SeeInvis .     j - +5 trident
rCold  . . .     Gourm    .     (armour unavailable)
rNeg   . . .     Faith    .     (no shield)
rPois  .         Spirit   .     d - +2 hat
rElec  .         Reflect  .     (no cloak)
rCorr  .         Harm     .     (no gloves)
MR     +....     Rnd*Tele +     (no boots)
Stlth  ++........               (no amulet)
                                e - ring of teleportation (curse)
                                k - ring of protection from magic

@: paralysed
A: unfitting armour, cold-blooded, AC +5
a: no special abilities


You were on level 3 of the Dungeon.
You were not hungry.

You visited 1 branch of the dungeon, and saw 3 of its levels.

You collected 164 gold pieces.

Inventory:

Hand Weapons
 c - a +0 vampiric dagger
 h - a +0 short sword
 j - a +5 trident (weapon)
Armour
 d - a +2 hat (worn)
Jewellery
 e - a cursed ring of teleportation (right hand)
 f - an uncursed ring of stealth
 k - a ring of protection from magic (left hand)
Books
 a - a book of Conjurations

   Spells                             Type                      Level
   a - Magic Dart                     Conjuration                  1
   b - Searing Ray                    Conjuration                  2
   c - Dazzling Spray                 Conjuration/Hexes            3
   d - Fulminant Prism                Conjuration/Hexes            4
   e - Iskenderun's Mystic Blast      Conjuration                  4
   f - Iskenderun's Battlesphere      Conjuration/Charms           5
Comestibles
 b - 2 bread rations
 g - a meat ration
 i - 14 chunks of flesh


   Skills:
 * Level 2.2 Fighting
 - Level 0.4 Short Blades
 * Level 0.4 Polearms
 - Level 1.7 Dodging
 - Level 1.7 Stealth
 * Level 2.5 Spellcasting
 + Level 4.6 Conjurations


You had 7 spell levels left.
You knew the following spells:

 Your Spells              Type           Power        Failure   Level  Hunger
a - Magic Dart            Conj           ###.         3%          1    #......


Dungeon Overview and Level Annotations

Branches:
Dungeon (3/15)

Altars:
The Shining One

Annotations:
D:3 Grinder


Innate Abilities, Weirdness & Mutations

Your plain brown scales are hard. (AC +5)
You cannot fit into any form of body armour.
You are cold-blooded and may be slowed by cold attacks.


Message History

You can move again.
You puncture Grinder!
Grinder is moderately wounded.
Grinder barely misses you.
You barely miss Grinder.
You tail-slap Grinder, but do no damage.
Grinder is moderately wounded.
Grinder says, "I used to sell toenails on the black market."
Grinder gestures at you. You resist with some effort.
Grinder hits you but does no damage.
You completely miss Grinder.
Your tail-slap misses Grinder.
Grinder is moderately wounded.
Grinder gestures at you.
You suddenly lose the ability to move!
Some of the chunks of flesh in your inventory have rotted away.
Grinder blinks!
Grinder hits you.
* * * LOW HITPOINT WARNING * * *
You writhe in agony.
You die...

....#..##########
#####...# # #...#.#
###.###.###########
....# #...........#
.#### #...........#
## #...........#
##........ยง.#
#........@.#
#.......5..#
#..........#
#........(.#
...$.########
.###.## ..


You could see Grinder.

Vanquished Creatures
  An adder (D:2)
  2 worms
  A dart slug (D:2)
  4 leopard geckos
  5 orcs (D:3)
  7 goblins
  6 hobgoblins
  4 jackals (D:1)
  5 kobolds
  6 bats
  2 frilled lizards
  2 rats (D:3)
45 creatures vanquished.

Notes
Turn   | Place    | Note
-------+----------+-------------------------------------------
     0 | D:1      | Rrauwl the Draconian Conjurer began the quest for the Orb.
     0 | D:1      | Reached XP level 1. HP: 14/14 MP: 3/3
   265 | D:1      | Reached XP level 2. HP: 12/22 MP: 1/5
   283 | D:1      | Reached skill level 1 in Fighting
   777 | D:1      | Reached XP level 3. HP: 28/28 MP: 4/6
   886 | D:2      | Found a glowing golden altar of the Shining One.
  1593 | D:3      | Reached XP level 4. HP: 16/36 MP: 7/7
  1722 | D:3      | Noticed Grinder
  1727 | D:3      | Paralysed by Grinder for 3 turns
  1741 | D:3      | Paralysed by Grinder for 2 turns
  1745 | D:3      | Paralysed by Grinder for 3 turns
  1747 | D:3      | Slain by Grinder

Skill      XL: |  1  2  3 |
---------------+----------+-----
Fighting       | 1 2 |  2.2
Short Blades   | |  0.4
Polearms       | |  0.4
Dodging        | |  1.7
Stealth        | |  1.7
Spellcasting   | |  2.5
Conjurations   | |  4.6

Action                   |  1- 3 |  4- 6 || total
-------------------------+-------+-------++-------
Melee: Whip              |    30 |       ||    30
       Short sword       |    22 |       ||    22
       Tailslap          |     8 |     3 ||    11
       Trident           |    27 |    21 ||    48
 Cast: Magic Dart        |    47 |       ||    47
  Use: Potion            |     3 |     1 ||     4
       Scroll            |     1 |       ||     1
 Stab: Sleeping          |     9 |       ||     9
  Eat: Bread ration      |     1 |       ||     1
Armor: Skin              |    29 |     3 ||    32
Dodge: Dodged            |    65 |     8 ||    73
